 Dungeon Crawl Stone Soup version 0.23.2-40-g277498a001 (webtiles) character file.

Game seed: 15682628912722652877

49 DildoBatman the Magician (level 4, -8/30 HPs)
             Began as a Formicid Wizard on Sept 13, 2019.
             Mangled by a gnoll
             ... wielding a +0 flail
              (9 damage)
             ... on level 2 of the Dungeon.
             The game lasted 00:03:23 (1389 turns).

DildoBatman the Magician (Formicid Wizard)          Turns: 1389, Time: 00:03:23

Health: -8/30      AC:  2    Str: 12    XL:     4   Next: 1%
Magic:  8/8        EV: 12    Int: 18    God:
Gold:   76         SH:  0    Dex:  9    Spells: 2/9 levels left

rFire    . . .     SeeInvis +   b - +0 hunting sling
rCold    . . .     Gourm    .   (no shield)
rNeg     . . .     Faith    .   e - +0 robe
rPois    .         Spirit   .   (helmet unavailable)
rElec    .         Reflect  .   (no cloak)
rCorr    .         Harm     .   (no gloves)
MR       .....                  (no boots)
Stlth    ++........             (no amulet)
HPRegen  0.10/turn              (no ring)
MPRegen  0.11/turn              (no ring)

@: no status effects
A: permanent stasis, dig shafts and tunnels, four strong arms, antennae 3
a: Dig, Shaft Self


You were on level 2 of the Dungeon.
You were not hungry.

You visited 1 branch of the dungeon, and saw 2 of its levels.

You collected 76 gold pieces.

Inventory:

Hand Weapons
 a - a +0 spear
 b - a +0 hunting sling (weapon)
Missiles
 c - 49 stones (quivered)
 k - 19 arrows
Armour
 e - a +0 robe (worn)
Scrolls
 f - a scroll of noise {unknown}
 i - 2 scrolls of teleportation {unknown}
 j - 2 scrolls of fear {unknown}
Potions
 g - a potion of brilliance {unknown}
 h - a potion of degeneration {unknown}
Comestibles
 d - a chunk of flesh
 v - 4 rations


   Skills:
 - Level 1.7 Dodging
 - Level 2.4 Stealth
 - Level 3.2 Spellcasting
 * Level 3.2 Conjurations
   Level 1.0 Summonings
   Level 0.8 Translocations


You had 2 spell levels left.
You knew the following spells:

 Your Spells              Type           Power        Failure   Level  Hunger
a - Conjure Flame         Conj/Fire      #.......     24%         3    ###....
c - Magic Dart            Conj           ##..         4%          1    None
e - Mephitic Cloud        Conj/Pois/Air  #.......     30%         3    ###....

Your spell library contained the following spells:

 Spells                   Type           Power        Failure   Level  Hunger
 Call Imp                 Summ           #.......     16%         2    ##.....
 Slow                     Hex            #.......     24%         2    ##.....
 Blink                    Tloc           Unusable     N/A         2    N/A

Dungeon Overview and Level Annotations

Branches:
Dungeon (2/15)

Altars:

Annotations:
D:2 Jessica


Innate Abilities, Weirdness & Mutations

You cannot be hasted, slowed, berserked, paralysed or teleported.
You can dig through walls and to a lower floor.
Your four strong arms can wield two-handed weapons with a shield.
You have a pair of large antennae on your head. (SInv)


Message History

t - Shout!
Orders for allies: a - Attack new target. r - Retreat! s - Stop attacking. g - Guard the area. f - Follow me.
Anything else - Cancel.
You shout for attention!
The gnoll closely misses you. The gnoll hits you with a +0 flail!
The leopard gecko bites you. What are your orders? t - Shout!
Orders for allies: a - Attack new target. r - Retreat! s - Stop attacking. g - Guard the area. f - Follow me.
Anything else - Cancel.
You shout for attention!
The goblin closely misses you.
The gnoll hits you from afar with a +0 spear.
The gnoll hits you with a +0 flail!
You die...

.... ##... {
...g# # .....
.. #.#{##
#.####g#..##
##..gg.<#%..##
.......glK...#
..##..g@.(..##
#
#..##.#......
#.g #.#......
#.. #.# ....
.##..##.##.###
...........#
##.####.####
#.# #.#


You could see 3 gnolls, a leopard gecko, 2 goblins and a kobold.

Vanquished Creatures
  A gnoll (D:1)
  2 worms (D:2)
  A dart slug (D:1)
  3 leopard geckos
  4 giant cockroaches
  5 goblins
  3 hobgoblins (D:1)
  A bat (D:1)
  A frilled lizard (D:1)
  5 kobolds
  A rat (D:1)
27 creatures vanquished.

Notes
Turn   | Place    | Note
-------+----------+-------------------------------------------
     0 | D:1      | DildoBatman the Formicid Wizard began the quest for the
                  | Orb.
     0 | D:1      | Reached XP level 1. HP: 13/13 MP: 4/4
    42 | D:1      | Reached skill level 1 in Conjurations
   265 | D:1      | Reached XP level 2. HP: 19/19 MP: 1/6
   826 | D:1      | Reached XP level 3. HP: 24/24 MP: 4/7
   831 | D:1      | Learned a level 3 spell: Conjure Flame
   836 | D:1      | Learned a level 3 spell: Mephitic Cloud
  1131 | D:2      | Noticed Jessica
  1349 | D:2      | Reached XP level 4. HP: 30/30 MP: 5/8
  1389 | D:2      | HP: 1/30 [gnoll/+0 spear (4)]
  1389 | D:2      | Mangled by a gnoll

Skill      XL: |  1  2  3 |
---------------+----------+-----
Conjurations   | 1 2 3 |  3.2
Dodging        | |  1.7
Stealth        | |  2.4
Spellcasting   | |  3.2
Summonings     | |  1.0
Translocations | |  0.8

Action                   |  1- 3 |  4- 6 || total
-------------------------+-------+-------++-------
Melee: Dagger            |    10 |       ||    10
       Club              |     7 |       ||     7
       Spear             |     5 |       ||     5
 Fire: Hunting sling     |    27 |       ||    27
 Cast: Magic Dart        |    68 |     1 ||    69
       Mephitic Cloud    |     2 |       ||     2
 Stab: Sleeping          |     2 |       ||     2
       Confused          |     1 |       ||     1
  Eat: Chunk             |     2 |       ||     2
Armor: Robe              |     4 |       ||     4
Dodge: Dodged            |    27 |     6 ||    33
